 Dungeon Crawl Stone Soup version 0.27.1-1-g398f81649c (webtiles) character file.

Game seed: 12991663073670757411

202 Dillybarz the Chopper (level 5, -6/47 HPs)
             Began as a Hill Orc Monk on Sept 14, 2021.
             Blown up by Ijyb (14 damage)
             ... with a mindburst bolt
             ... on level 4 of the Dungeon.
             The game lasted 00:11:13 (3234 turns).

Dillybarz the Chopper (Hill Orc Monk)               Turns: 3234, Time: 00:11:14

Health: -6/47      AC:  8    Str: 15    XL:     5   Next: 80%
Magic:  5/5        EV: 11    Int: 10    God:
Gold:   149        SH:  0    Dex: 13    Spells: 4/4 levels left

rFire    . . .     SeeInvis .   a - +0 hand axe (flame)
rCold    . . .     Faith    .   (no shield)
rNeg     . . .     Spirit   .   d - +0 ring mail
rPois    .         Reflect  .   (no helmet)
rElec    .         Harm     .   n - +0 cloak
rCorr    .         Rampage  .   (no gloves)
Will     .....                  j - +1 pair of boots
Stlth    +.........             (no amulet)
HPRegen  0.15/turn              (no ring)
MPRegen  0.09/turn              (no ring)

@: lethally poisoned (-6 -> -8)
A: no striking features
a: no special abilities


You were on level 4 of the Dungeon.
You visited 1 branch of the dungeon, and saw 4 of its levels.
You also visited: Sewer.

You collected 149 gold pieces.

Inventory:

Hand Weapons
 a - a +0 hand axe of flaming (weapon)
 i - a +0 halberd
Armour
 b - a +0 robe
 d - a +0 ring mail (worn)
 j - a +1 pair of boots (worn)
 n - a +0 cloak (worn)
Jewellery
 g - a ring of magical power
Potions
 c - 3 potions of heal wounds
 e - a potion of curing
 f - a potion of ambrosia {unknown}
 h - a potion of mutation {unknown}
 l - a potion of attraction {unknown}
 m - a potion of brilliance {unknown}
 o - a potion of resistance {unknown}
 p - a potion of might {unknown}


   Skills:
 + Level 4.8 Fighting
 * Level 6.5 Axes
 + Level 2.7 Armour
 - Level 2.4 Dodging
 - Level 1.5 Stealth


You had 4 spell levels left.
You didn't know any spells.
Your spell library contained the following spells:

 Spells                   Type           Power      Damage    Failure   Level
 Sting                    Tmut/Pois      0%         1d3       58%         1
 Poisonous Vapours        Pois/Air       0%         N/A       73%         2
 Conjure Flame            Conj/Fire      0%         6-21      91%         3
 Ignite Poison            Fire/Tmut/Pois 0%         N/A       91%         3
 Summon Guardian Golem    Hex/Summ       0%         N/A       91%         3
 Olgreb's Toxic Radiance  Pois           0%         N/A       100%        4
 Sticky Flame             Conj/Fire      0%         2d3       100%        4
 Orb of Destruction       Conj           0%         N/A       100%        7
 Spellforged Servitor     Conj/Summ      0%         N/A       100%        7


Dungeon Overview and Level Annotations

Branches:
Dungeon (4/15)              Sewer (visited)
 Temple: D:4-7

Altars:
Nemelex Xobeh
Ru
Beogh

Shops:
D:1 :

Annotations:
D:4 Ijyb


Message History

You open the door.
There is an open door here.
You see here a +0 whip.
Done exploring.
Done exploring.
As you read the scroll labelled ROROSIENAP, it crumbles to dust.
You assume a fearsome visage.
Nothing appears to happen.
It was a scroll of fear.
As you read the scroll of identify, it crumbles to dust.
e - a potion of curing You aren't carrying any scrolls.
Search for what [Enter for "."]? .
There is an escape hatch in the floor here.
You open the door.
There is an open door here.
There is a stone staircase leading down here.
Search for what [Enter for "."]? .
You climb downwards.
The goblin shouts!
Found 19 gold pieces.
There is a stone staircase leading up here.
You hit the goblin. You burn the goblin.
You kill the goblin!
You see here a +0 dagger.
Ijyb the Twisted Goblin comes into view.
She is wielding a +0 dagger of venom and carrying a wand of mindburst (5).
Ijyb shouts!
You see here 19 gold pieces.
Ijyb zaps a wand.
You barely resist.
Ijyb zaps a wand.
Your mind is blasted!
Ijyb zaps a wand.
Your mind is blasted!
Ijyb hits you with a +0 dagger of venom.
You are poisoned.
You hit Ijyb but do no damage.
You feel sick.
Ijyb screams, "Die!"
Ijyb closely misses you.
You closely miss Ijyb.
You feel sick. Ijyb barely misses you.
You closely miss Ijyb.
You feel sick. Ijyb barely misses you.
You feel sick.
You feel sick.
Ijyb zaps a wand.
Your mind is blasted!
You die...

####### #.....#
#.<)..############
#....$..@.g.......
#.....###########.
#.......#
#########


You could see Ijyb.

Vanquished Creatures
  Purgy (Sewer)
  An adder (D:2)
  7 dart slugs
  An orc (D:3)
  4 bats
  4 endoplasms
  10 giant cockroaches
  12 goblins
  6 hobgoblins
  11 kobolds
  4 quokkas
  5 ball pythons
  3 frilled lizards
  8 rats
77 creatures vanquished.

Vanquished Creatures (others)
  10 plants (D:2)
10 creatures vanquished.

Grand Total: 87 creatures vanquished

Notes
Turn   | Place    | Note
-------+----------+-------------------------------------------
     0 | D:1      | Dillybarz the Hill Orc Monk began the quest for the Orb.
     0 | D:1      | Reached XP level 1. HP: 19/19 MP: 1/1
   239 | D:1      | Reached XP level 2. HP: 27/27 MP: 2/2
   300 | D:1      | Reached skill level 1 in Armour
   570 | D:1      | Found Sisimmag's Book Boutique.
   633 | D:1      | Reached XP level 3. HP: 27/33 MP: 3/3
   788 | D:1      | Found a roughly hewn altar of Beogh.
   807 | D:1      | Reached skill level 5 in Axes
  1030 | D:1      | Found a faded altar of an unknown god.
  1578 | D:2      | Reached XP level 4. HP: 36/40 MP: 4/4
  1922 | D:2      | Found a sacrificial altar of Ru.
  2220 | D:3      | Found a glowing drain.
  2251 | Sewer    | Entered a sewer
  2334 | Sewer    | Noticed Purgy
  2351 | Sewer    | Killed Purgy
  2352 | Sewer    | Reached skill level 6 in Axes
  2352 | Sewer    | Reached XP level 5. HP: 17/47 MP: 5/5
  2779 | D:3      | Found a sparkling altar of Nemelex Xobeh.
  3223 | D:4      | Noticed Ijyb
  3234 | D:4      | Blown up by Ijyb

Illustrated notes

Levels and vault maps discovered:
D:1:      psy_arrival_terrarium, layout_loops_ring,
          hellmonk_ecumenical_altar_defaced_shrine, serial_shops,
          shop_fountains, item_on_display_a
D:2:      layout_rooms, basic_altar, small_statue_intersection,
          serial_bayou_lagoon_a, kennysheep_generic_room_16
D:3:      layout_basic, nemelex_xobeh_ov_fountains_minmay, gup_sewer_entry_pipe
D:4:      minmay_wonky_spiral, layout_loops_ring, chequers_serial_rivers_room_b,
          uniq_purgy, uniq_duvessa, uniq_ijyb

Skill      XL: |  1  2  3  4 |
---------------+-------------+-----
Armour         | 1 2 |  2.7
Fighting       | 4 |  4.8
Axes           | 5 6 |  6.5
Dodging        | |  2.4
Stealth        | |  1.5

Action                   |  1- 3 |  4- 6 || total
-------------------------+-------+-------++-------
Melee: Hand axe          |   121 |   124 ||   245
  Use: Scroll            |     5 |     6 ||    11
 Stab: Sleeping          |     1 |     1 ||     2
Armor: Robe              |    25 |       ||    25
       Ring mail         |    12 |    56 ||    68
Dodge: Dodged            |    92 |    92 ||   184
